Selects Airborne Battlegroup
Construct Weapon Support Center
M3 Armored Personnel Carrier
Selects Paratrooper Squad Paradrop
Construct Medical Station
Paratrooper Squad Paradrop
Selects Anti-tank Gun Team Paradrop
Anti-tank Gun Team Paradrop
Paratrooper Squad Paradrop
Selects Carpet Bombing Run
Paratrooper Squad Paradrop
Paratrooper Squad Paradrop